 Dungeon Crawl Stone Soup version 0.17-a0-1837-g7c6a762 (webtiles) character file.

396 Enish the Conjurer (level 6, 0/45 HPs)
             Began as a Draconian Conjurer on Sept 15, 2015.
             Slain by Prince Ribbit (4 damage)
             ... on level 5 of the Dungeon.
             The game lasted 00:14:39 (4153 turns).

Enish the Conjurer (Draconian Conjurer)             Turns: 4153, Time: 00:14:39

Health: 0/45       AC:  7    Str: 10    XL:     6   Next: 52%
Magic:  14/14      EV: 12    Int: 17    God:
Gold:   109        SH:  0    Dex: 12    Spells: 3 memorised, 7 levels left

rFire  . . .     SeeInvis .     (no weapon)
rCold  . . .     Clarity  .     (armour unavailable)
rNeg   + . .     SustAt   .     (no shield)
rPois  .         Gourm    .     (helmet restricted)
rElec  .         Spirit   .     (no cloak)
rCorr  .         Warding  .     (no gloves)
rMut   .         Stasis   .     f - +0 pair of boots
MR     .....                    (no amulet)
Stlth  ++........               (no ring)
                                l - ring of positive energy

@: about to teleport, not resistant to hostile enchantments, unstealthy
A: unfitting armour, cold-blooded, AC +6
a: no special abilities


You were on level 5 of the Dungeon.
You were not hungry.

You visited 1 branch of the dungeon, and saw 5 of its levels.

You collected 109 gold pieces.

Inventory:

Missiles
 u - 9 javelins (quivered)
 v - a throwing net
Armour
 f - a +0 pair of boots (worn)
Jewellery
 l - a ring of positive energy (left hand)
Magical devices
 s - a wand of lightning (0)
Scrolls
 c - 2 scrolls of remove curse
 e - 5 scrolls of identify
 i - a scroll of magic mapping {unknown}
 m - a scroll of amnesia {unknown}
Potions
 g - 2 potions of agility
 h - a potion of brilliance
 j - a potion of berserk rage {unknown}
 k - a potion of curing
 n - a potion of poison {unknown}
 o - a potion of degeneration {unknown}
 p - a potion of cure mutation {unknown}
 r - a potion of heal wounds {unknown}
Books
 a - a book of Conjurations

   Spells                             Type                      Level
   a - Magic Dart                     Conjuration                  1
   b - Searing Ray                    Conjuration                  2
   c - Dazzling Spray                 Conjuration/Hexes            3
   d - Fulminant Prism                Conjuration/Hexes            4
   e - Iskenderun's Mystic Blast      Conjuration                  4
   f - Iskenderun's Battlesphere      Conjuration/Charms           5
Comestibles
 b - 2 bread rations
 d - a slice of pizza
 t - 2 chunks of flesh


   Skills:
 - Level 1.7 Dodging
 - Level 1.7 Stealth
 * Level 5.4 Spellcasting
 - Level 5.5 Conjurations


You had 7 spell levels left.
You knew the following spells:

 Your Spells              Type           Power        Failure   Level  Hunger
a - Magic Dart            Conj           ###.         1%          1    None
b - Dazzling Spray        Conj/Hex       ##......     14%         3    ##.....
c - Iskenderun's Mystic   Conj           ###.....     17%         4    ####...


Dungeon Overview and Level Annotations

Branches:
Dungeon (5/15)
 Temple: D:4-7

Altars:
Kikubaaqudgha

Shops:
D:4 *[

Annotations:
D:2 Terence
D:4 Dowan, Duvessa, Grinder
D:5 Prince Ribbit


Innate Abilities, Weirdness & Mutations

Your plain brown scales are hard (AC +6).
Your body does not fit into most forms of armour.
You are cold-blooded and may be slowed by cold attacks.


Message History

Magic restored.
You enter the shallow water.
Moving in this stuff is going to be slow.
A black bear comes into view.
The black bear growls angrily.
Prince Ribbit comes into view.
Casting: Magic Dart
Confirm with . or Enter, or press ? or * to list all spells.
Okay, then.
Prince Ribbit gives a loud, deep croak!
Prince Ribbit blinks!
Prince Ribbit hits you but does no damage.
Prince Ribbit hops awkwardly around.
Prince Ribbit hits you!
Read which item? (? for menu, Esc to quit)
As you read the scroll of teleportation, it crumbles to dust.
You feel strangely unstable. Prince Ribbit hits you! Prince Ribbit hits you!
* * * LOW HITPOINT WARNING * * *
Prince Ribbit hits you.
You die...

#.#
#..........######
#.# #..........#
#)# #..........#
#.# ############
#.#
##.###########
#............###
########.......#
#@......#
#.F.....#
#.......#
###......♣♣♣♣♣ ♣
#.....h.≈♣≈PP♣≈P
#...#..♣≈≈PP≈FP≈
#...#....P..P≈≈≈
#####..........≈.
###.............


You could see Prince Ribbit and a black bear.

Vanquished Creatures
  An ogre (D:5)
  A hound (D:3)
  2 worker ants
  4 gnolls (D:3)
  11 adders
  2 oozes
  2 worms (D:2)
  3 giant geckos
  7 orcs
  7 bats
  3 bat zombies (D:3)
  3 giant cockroaches
  4 hobgoblins
  3 jackals
  10 kobolds
  2 quokkas
  2 ball pythons
  5 giant newts
  7 goblins
  A rat (D:2)
  A rat zombie (D:3)
81 creatures vanquished.

Notes
Turn   | Place    | Note
--------------------------------------------------------------
     0 | D:1      | Enish the Draconian Conjurer began the quest for the Orb.
     0 | D:1      | Reached XP level 1. HP: 14/14 MP: 3/3
   287 | D:1      | Reached XP level 2. HP: 20/20 MP: 1/5
   891 | D:2      | Reached XP level 3. HP: 26/26 MP: 1/7
   896 | D:2      | Learned a level 3 spell: Dazzling Spray
  1195 | D:2      | Reached XP level 4. HP: 27/33 MP: 0/10
  1922 | D:2      | Learned a level 4 spell: Iskenderun's Mystic Blast
  2063 | D:3      | Noticed Terence
  2487 | D:3      | Reached XP level 5. HP: 38/38 MP: 0/11
  2625 | D:3      | Reached skill level 5 in Conjurations
  2829 | D:3      | Found an ancient bone altar of Kikubaaqudgha.
  2920 | D:4      | Found Suhoh's Antique Armour Shop.
  2960 | D:4      | Noticed Grinder
  2961 | D:4      | Found Lank's General Store.
  2961 | D:4      | Paralysed by Grinder for 7 turns
  3500 | D:4      | Noticed Dowan
  3629 | D:4      | Noticed Duvessa
  3643 | D:4      | Reached XP level 6. HP: 35/45 MP: 5/13
  3658 | D:5      | Entered Level 5 of the Dungeon
  3882 | D:5      | Reached skill level 5 in Spellcasting
  4146 | D:5      | Noticed Prince Ribbit
  4153 | D:5      | Slain by Prince Ribbit

Vault maps used:
D:1:      dpeg_arrival_long_road
D:3:      lemuel_zombie_altar_kikubaaqudgha, uniq_terence
D:4:      lemuel_blue_sif_altar, minmay_temple_entry_enclosed_plants,
          serial_shops, shop, shop, uniq_natasha, uniq_sigmund, uniq_grinder,
          uniq_duvessa
D:5:      grunt_temple_overflow_open, tso_metal_star, first_bread,
          serial_bayou_ford_a, uniq_blork_the_orc, uniq_prince_ribbit1

Action                   |  1- 3 |  4- 6 || total
-------------------------+-------+-------++-------
Melee: Unarmed           |    52 |    63 ||   115
Throw: Javelin           |       |    15 ||    15
 Cast: Magic Dart        |    58 |   137 ||   195
       Dazzling Spray    |     5 |    13 ||    18
       Iskenderun's Myst |       |     2 ||     2
Evoke: Wand              |       |     2 ||     2
  Use: Scroll            |       |     4 ||     4
       Potion            |       |     3 ||     3
 Stab: Invisible         |       |     3 ||     3
  Eat: Chunk             |     1 |     5 ||     6
       Meat ration       |       |     1 ||     1
       Fruit             |       |     2 ||     2
